 Dungeon Crawl Stone Soup version 0.30-a0-359-gd0147acb1a (webtiles) character file.

Game seed: 10619201042266847168

1307 mcwallace the Trooper (level 8, -1/83 HPs)
             Began as an Ogre Air Elementalist on Nov 11, 2022.
             Slain by a sky beast (2 damage)
             ... on level 6 of the Dungeon.
             The game lasted 00:14:49 (7299 turns).

mcwallace the Trooper (Ogre Air Elementalist)       Turns: 7299, Time: 00:14:49

Health: -1/83      AC:  4    Str: 13    XL:     8   Next: 57%
Magic:  0/16       EV: 10    Int: 18    God:
Gold:   231        SH:  0    Dex:  9    Spells: 11/17 levels left

rFire   . . .      SeeInvis .    E - +0 war axe (vorpal) {axe}
rCold   . . .      Faith    .    (no shield)
rNeg    . . .      Spirit   +    a - +0 robe
rPois   .          Reflect  .    (helmet restricted)
rElec   .          Harm     .    J - +0 cloak
rCorr   .          Rampage  .    (gloves unavailable)
Will    .....                    (boots unavailable)
Stlth   +.........               s - amulet of guardian spirit
HPRegen 0.33/turn                (no ring)
MPRegen 0.15/turn                (no ring)

@: no status effects
A: large, unfitting armour, tough skin 1
a: no special abilities


You were on level 6 of the Dungeon.
You visited 1 branch of the dungeon, and saw 7 of its levels.

You collected 231 gold pieces.


Innate Abilities, Weirdness & Mutations

You are too large for most types of armour.
You have tough skin. (AC +1)


   Skills:
 + Level 5.7 Fighting
 + Level 4.4 Dodging
 - Level 1.4 Stealth
 + Level 5.4 Spellcasting
 + Level 4.0 Conjurations
 + Level 4.9 Air Magic


You had 11 spell levels left.
You knew the following spells:

 Your Spells              Type           Power      Damage    Failure   Level
a - Shock                 Conj/Air       84%        1d8       1%          1
b - Static Discharge      Conj/Air       42%        2-4/arc   3%          2
c - Swiftness             Air            22%        N/A       4%          3

Your spell library contained the following spells:

 Spells                   Type           Power      Damage    Failure   Level
 Necrotise                Necr           16%        1d4       13%         1
 Airstrike                Air            11%        2d(2-18)  16%         4
 Call Canine Familiar     Summ           4%         N/A       36%         3
 Portal Projectile        Hex/Tloc       8%         N/A       36%         3
 Vampiric Draining        Necr           4%         2d6       36%         3
 Iskenderun's Battlesphe  Conj           19%        2d7       54%         5
 Leda's Liquefaction      Hex/Erth       2%         N/A       77%         4
 Fireball                 Conj/Fire      6%         3d5       83%         5
 Agony                    Necr           4%         N/A       98%         5
 Iron Shot                Conj/Erth      6%         9d2       100%        6
 Spellforged Servitor     Conj/Summ      6%         N/A       100%        7
 Polar Vortex             Ice            2%         N/A       100%        9

Inventory:

Hand Weapons
 E - a +0 vorpal war axe (weapon) {axe}
   (You took it off an orc on level 4 of the Dungeon)
Missiles
 f - 38 stones {throwing}
 q - 5 javelins {throwing}
 y - 8 large rocks {=fthrowing}
Armour
 a - a +0 robe (worn)
 c - a +0 robe
   (You found it on level 1 of the Dungeon)
 o - a +0 robe
   (You found it on level 2 of the Dungeon)
 u - a +0 animal skin
   (You took it off Robin on level 3 of the Dungeon)
 D - a +0 robe
   (You took it off an orc wizard on level 4 of the Dungeon)
 F - a +0 robe
   (You took it off an orc wizard on level 5 of the Dungeon)
 G - a +0 robe
   (You took it off an orc wizard on level 5 of the Dungeon)
 I - a +0 robe
   (You took it off Sigmund on level 5 of the Dungeon)
 J - a +0 cloak (worn)
   (You found it on level 7 of the Dungeon)
Magical Staves
 C - a staff of air {!astaff}
   (You found it on level 4 of the Dungeon)
Jewellery
 s - an amulet of guardian spirit (around neck)
   (You found it on level 2 of the Dungeon)
 w - a ring of fire
   (You found it on level 3 of the Dungeon)
Wands
 B - a wand of charming (8)
   (You found it on level 4 of the Dungeon)
 K - a wand of flame (11)
   (You found it on level 7 of the Dungeon)
Scrolls
 j - 5 scrolls of identify {unknown}
 n - a scroll of brand weapon {unknown}
 p - a scroll of amnesia {unknown}
 r - a scroll of enchant armour {unknown}
 v - 2 scrolls of immolation {unknown}
 z - a scroll of blinking {unknown}
 A - 3 scrolls of teleportation {unknown}
 H - a scroll of magic mapping {unknown}
Potions
 d - a potion of cancellation {unknown}
 e - a potion of curing {unknown}
 g - a potion of ambrosia {unknown}
 h - 2 potions of attraction {unknown}
 i - 3 potions of haste {unknown}
 k - a potion of lignification {unknown}
 l - a potion of flight {unknown}
 m - 2 potions of degeneration {unknown}
 t - a potion of brilliance {unknown}
 x - 2 potions of heal wounds {unknown}

Dungeon Overview and Level Annotations

Branches:
Dungeon (7/15) Zot: 26943
 Temple: D:4-7

Altars:
Makhleb
Uskayaw

Annotations:
D:3 1 runed translucent door, Crazy Yiuf

.. #. #. #.#
##.####.#
#.......#
#......># #
###...>...###...
................#
####.......#####
#....){@#
#.....).#
###..##.# #..##.#
#..##.# #.. #..
<. ... ...


There were no monsters in sight!


Message History

You hit the centaur. You punch the centaur.
The centaur hits you but does no damage.
The centaur barely misses you. The centaur closely misses you.
The centaur kicks you.
* * * LOW HITPOINT WARNING * * *
😨 HP[-2]
You take 2 damage, and now have 24/81 hp.
You slash the centaur! The centaur barely misses you.
The centaur kicks you but does no damage.
The centaur hits you.
* * * LOW HITPOINT WARNING * * *
The centaur kicks you.
* * * LOW HITPOINT WARNING * * *
The centaur barely misses you. The centaur closely misses you.
The sky beast closely misses you. 😱 HP[-4] MP[+1]
You take 4 damage, and now have 20/81 hp.
You hit the centaur but do no damage. You hit the sky beast but do no damage.
The centaur hits you.
* * * LOW HITPOINT WARNING * * *
The centaur kicks you.
* * * LOW HITPOINT WARNING * * *
The sky beast barely misses you. The centaur completely misses you.
The centaur kicks you.
* * * LOW HITPOINT WARNING * * *
😱 HP[-4] MP[-1]
You take 4 damage, and now have 16/81 hp.
You lost 1 mp, and now have 3/16 mp.
You slash the centaur!
You kill the centaur!
You closely miss the sky beast. The sky beast hits you.
* * * LOW HITPOINT WARNING * * *
The sky beast shocks you.
* * * LOW HITPOINT WARNING * * *
The sky beast flickers out of sight!
Deactivating autopickup; reactivate with Ctrl-A.
Something hits you but does no damage.
Your Conjurations skill increases to level 4! 😱 HP[-6] MP[-1]
You now have 83 max hp (+2).
You take 6 damage, and now have 10/83 hp.
You lost 1 mp, and now have 2/16 mp.
Aiming: Throw Flame
Press: ? - help, Q - select action, (/) - cycle Shift-Dir - straight line Something hits you.
* * * LOW HITPOINT WARNING * * *
Something shocks you.
* * * LOW HITPOINT WARNING * * *
😱 HP[-5] MP[-2]
You take 5 damage, and now have 5/83 hp.
You lost 2 mp, and now have 0/16 mp.
Magic courses through your body.
Something hits you but does no damage. 😱 MP[+16]
Your mp is fully restored (16).
Casting: Shock (safe; 1% risk of failure)
Confirm with . or Enter, or press ? or * to list all spells.
A blue arc grounds itself harmlessly.
Something hits you but does no damage. 😱 HP[+1] MP[-2]
You lost 2 mp, and now have 14/16 mp.
Casting: Static Discharge (safe; 3% risk of failure)
Confirm with . or Enter, or press ? or * to list all spells.
Aiming: Shock (safe; 1% risk of failure)
Press: ? - help, Shift-Dir - straight line The zap hits something but does no damage.
Something hits you but does no damage.
Aiming: Throw Flame
Press: ? - help, Q - select action, (/) - cycle Shift-Dir - straight line The puff of flame hits something.
Something hits you but does no damage.
Aiming: Throw Flame
Press: ? - help, Q - select action, (/) - cycle Shift-Dir - straight line The puff of flame hits something.
Something hits you.
* * * LOW HITPOINT WARNING * * *
Something shocks you.
* * * LOW HITPOINT WARNING * * *
😱 HP[-2] MP[-5]
You take 2 damage, and now have 4/83 hp.
You lost 5 mp, and now have 9/16 mp.
Aiming: Throw Flame
Press: ? - help, Q - select action, (/) - cycle Shift-Dir - straight line The puff of flame hits something.
Something hits you.
* * * LOW HITPOINT WARNING * * *
Something shocks you.
* * * LOW HITPOINT WARNING * * *
😱 HP[-2] MP[-6]
You take 2 damage, and now have 2/83 hp.
You lost 6 mp, and now have 3/16 mp.
Magic courses through your body.
Something hits you but does no damage. 😱 MP[+13]
Your mp is fully restored (16).
You barely miss something. Something hits you. Something shocks you.
* * * LOW HITPOINT WARNING * * *
😱 MP[-7]
You lost 7 mp, and now have 9/16 mp.
You closely miss something. Something hits you. Something shocks you.
* * * LOW HITPOINT WARNING * * *
Something hits you. Something shocks you.
You die...

Skill      XL: |  1  2  3  4  5  6  7  8 |
---------------+-------------------------+-----
Conjurations   | 1 2 3 4 |  4.0
Fighting       | 1 2 3 5 |  5.7
Dodging        | 2 3 4 |  4.4
Air Magic      | 3 4 |  4.9
Spellcasting   | 3 4 5 |  5.4
Stealth        | |  1.4

Action                   |  1- 3 |  4- 6 |  7- 9 || total
-------------------------+-------+-------+-------++-------
Melee: Whip              |     1 |     4 |       ||     5
       War axe           |       |    53 |    22 ||    75
       Punch             |       |       |     1 ||     1
Throw: Large rock        |       |       |     5 ||     5
 Cast: Shock             |    72 |   149 |    71 ||   292
       Static Discharge  |       |    14 |    19 ||    33
Evoke: Wand              |       |       |     4 ||     4
  Use: Potion            |       |       |     3 ||     3
Armor: Robe              |     6 |    30 |    17 ||    53
Dodge: Dodged            |     7 |    63 |    33 ||   103

Levels and vault maps discovered:
D:1:      dpeg_arrival_tiny_a, layout_basic
D:2:      layout_loops_corners, basic_altar, ebering_ecumenical_altar_mist,
          minmay_bisected
D:3:      layout_rooms, nicolae_uskayaw_en_pointe, uniq_robin,
          uniq_crazy_yiuf_cottage
D:4:      layout_basic, grunt_ministairs_13
D:5:      layout_basic, uniq_menkaure, uniq_sigmund
D:6:      layout_loops_ring, chequers_temple_overflow_minitemple,
          minmay_temple_entry_ruins, uniq_prince_ribbit1
D:7:      layout_cave_pods, serial_park, serial_park_square1
          [serial_park_minivault_5x5_8], serial_park_avenue1,
          serial_park_avenue1, serial_park_square1 [serial_park_minivault_5x5_1]

Notes
Turn   | Place    | Note
-------+----------+-------------------------------------------
     0 | D:1      | mcwallace the Ogre Air Elementalist began the quest for the
                  | Orb.
     0 | D:1      | Reached XP level 1. HP: 16/16 MP: 3/3
     0 | D:1      | magus.rc [v1.9.6]
    92 | D:1      | Reached skill level 1 in Conjurations
   176 | D:1      | Reached skill level 1 in Fighting
   176 | D:1      | Reached skill level 2 in Dodging
   176 | D:1      | Reached XP level 2. HP: 27/27 MP: 1/5
   483 | D:1      | Reached XP level 3. HP: 33/33 MP: 2/7
  1209 | D:1      | Reached skill level 3 in Air Magic
  1329 | D:2      | Found a faded altar of an unknown god.
  1445 | D:2      | Found a burning altar of Makhleb.
  1527 | D:2      | Reached skill level 3 in Spellcasting
  1535 | D:2      | Learned a level 2 spell: Static Discharge
  1623 | D:2      | Reached XP level 4. HP: 42/42 MP: 4/8
  1877 | D:2      | Identified the +1 scale mail "Jigy" {rN+}
  1884 | D:2      | Reached skill level 2 in Fighting
  2094 | D:2      | You pick up a book of Power and begin reading...
  2094 | D:2      | You add the spells Iskenderun's Battlesphere, Iron Shot and
                  | Spellforged Servitor to your library.
  2247 | D:2      | Learned a level 3 spell: Swiftness
  2942 | D:2      | Reached skill level 2 in Conjurations
  2942 | D:2      | Reached XP level 5. HP: 31/50 MP: 1/9
  3148 | D:3      | Noticed Robin
  3304 | D:3      | Killed Robin
  3494 | D:3      | Noticed a +0 dagger
  3496 | D:3      | Noticed a +0 spear
  3499 | D:3      | Noticed a +0 dagger
  3517 | D:3      | Noticed a +0 short sword
  3520 | D:3      | Noticed a +0 spear
  3521 | D:3      | Noticed a +0 short sword
  3521 | D:3      | Noticed a +0 falchion
  3522 | D:3      | Noticed a +0 falchion
  3634 | D:3      | You pick up a book of Necromancy and begin reading...
  3634 | D:3      | You add the spells Necrotise, Vampiric Draining and Agony
                  | to your library.
  3637 | D:3      | You add the spells Fireball and Polar Vortex to your
                  | library.
  3637 | D:3      | Got the Treatise on Outbursts and Rime
  3822 | D:3      | Found a runed translucent door.
  3823 | D:3      | Noticed Crazy Yiuf
  3949 | D:3      | Found a hide-covered altar of Uskayaw.
  4166 | D:4      | You pick up a book of the Hunter and begin reading...
  4166 | D:4      | You add the spells Call Canine Familiar, Portal Projectile
                  | and Leda's Liquefaction to your library.
  4287 | D:4      | Reached skill level 3 in Fighting
  4287 | D:4      | Reached XP level 6. HP: 54/61 MP: 0/11
  4457 | D:4      | Reached skill level 3 in Dodging
  4668 | D:4      | HP: 1/61 [ogre/+0 giant club (22)]
  4670 | D:4      | Reached skill level 4 in Spellcasting
  5022 | D:4      | Reached XP level 7. HP: 22/68 MP: 3/13
  5596 | D:5      | Entered Level 5 of the Dungeon
  5760 | D:5      | Reached skill level 4 in Air Magic
  5764 | D:5      | Reached skill level 4 in Fighting
  5765 | D:5      | Reached skill level 3 in Conjurations
  6127 | D:5      | Noticed Menkaure
  6459 | D:5      | HP: 11/71 [??? (8)]
  6460 | D:5      | HP: 5/71 [Menkaure (6)]
  6462 | D:5      | Killed Menkaure
  6463 | D:5      | Reached skill level 5 in Fighting
  6463 | D:5      | Reached skill level 4 in Dodging
  6463 | D:5      | Reached XP level 8. HP: 4/80 MP: 10/15
  6822 | D:5      | Reached skill level 5 in Spellcasting
  7031 | D:5      | Noticed Sigmund
  7128 | D:5      | Killed Sigmund
  7215 | D:5      | You fall into a shaft and drop 2 floors!
  7239 | D:7      | Noticed a wyvern
  7287 | D:6      | HP: 20/81 [centaur (1)]
  7289 | D:6      | HP: 9/81 [sky beast (5)]
  7290 | D:6      | Reached skill level 4 in Conjurations
  7295 | D:6      | HP: 6/83 [something (1)]
  7296 | D:6      | HP: 2/83 [something (1)]
  7299 | D:6      | Slain by a sky beast

Vanquished Creatures
  Sigmund (D:5)
  Menkaure (D:5)
  3 ogres
  An ice beast (D:5)
  A centaur (D:6)
  A necrophage (D:4)
  3 orc priests (D:5)
  2 hounds
  2 iguanas
  3 orc wizards
  Robin (D:3)
  5 gnolls
  7 adders
  A white imp (D:6)
  2 worms (D:2)
  4 dart slugs
  13 orcs
  6 bats
  4 endoplasms
  6 giant cockroaches
  14 goblins
  11 hobgoblins
  6 jackals (D:2)
  5 quokkas
  10 ball pythons
  3 frilled lizards (D:1)
  6 kobolds
  7 rats
129 creatures vanquished.

Table legend:
 A = Non-vault XP
 B = Vault XP
 C = Vault XP percentage of total XP
 D = Non-vault monster count
 E = Vault monster count
 F = Vault count percentage of total count
                 A         B        C        D         E       F
            +---------+---------+-------+---------+---------+-------
      Total |    1413 |     455 |  24.4 |     111 |      18 |  14.0
            +---------+---------+-------+---------+---------+-------
        D:1 |      52 |       0 |   0.0 |      21 |       0 |   0.0
        D:2 |     110 |      27 |  19.7 |      28 |       8 |  22.2
        D:3 |      42 |      25 |  37.3 |      17 |       6 |  26.1
        D:4 |     381 |       5 |   1.3 |      22 |       2 |   8.3
        D:5 |     690 |     398 |  36.6 |      20 |       2 |   9.1
        D:6 |     138 |       0 |   0.0 |       3 |       0 |   0.0
            +---------+---------+-------+---------+---------+-------

Illustrated notes

Table legend:
 A = Kills in this place as a percentage of kills in entire the game.
 B = Kills by you in this place as a percentage of kills by you in the entire game.
 C = Kills by friends in this place as a percentage of kills by friends in the entire game.
 D = Other kills in this place as a percentage of other kills in the entire game.
 E = Experience gained in this place as a percentage of experience gained in the entire game.
 F = Experience gained in this place divided by the number of levels of this place that you have seen.
                   A       B       C       D       E      F
               +-------+-------+-------+-------+-------+----------------------
         Total | 100.0 | 100.0 |   N/A |   N/A | 100.0 | 266.9
       Dungeon | 100.0 | 100.0 |   N/A |   N/A | 100.0 | 266.9
               +-------+-------+-------+-------+-------+----------------------

Table legend: (Time is in decaauts)
 A = Elapsed time spent in this place.
 B = Non-inter-level travel time spent in this place.
 C = Inter-level travel time spent in this place.
 D = Time resting spent in this place.
 E = Time spent auto-exploring this place.
 F = Levels seen in this place.
 G = Mean time per level.
                   A        B        C        D        E       F      G
               +--------+--------+--------+--------+--------+-----+--------+
         Total |   7341 |   7128 |    213 |    215 |   5997 |   7 | 1048.7 |
       Dungeon |   7341 |   7128 |    213 |    215 |   5997 |   7 | 1048.7 |
               +--------+--------+--------+--------+--------+-----+--------+

Top non-repeatable levels by time:
     D:2: 2006 daAuts
     D:4: 1679 daAuts
     D:5: 1448 daAuts
     D:1: 1281 daAuts
     D:3: 839 daAuts
     D:6: 55 daAuts
     D:7: 30 daAuts
